Zazza, neutral female human Tourist -------------- ---------- ##.............| #.........| # |............-# #|.......>| ------### |...........`|# #-.-------- |....|# ----.-------- ` ########## |....|# ### # # |....|# ## # ### |....|# ## # # #->...|# ## # ## #f#|.....# ## # -|---.- @ ------ ### ##############......| h# -.-|- # |.....| |...-######## -------------# |.....| |...| # |.....<.....|# |.....| |...| ###|............# ......| |...| #............| |.....| ....| |...........| ------- -+-+- ------------- Zazza the Rambler Experience level: 1 Strength: 10 Dexterity: 11 Constitution: 18 Intelligence: 13 Wisdom: 7 Charisma: 18 Health: 0(10) Energy: 5(5) Def: 2 Gold: 1039 Moves: 1206 Dungeon seed: Sj-O2137_3RHdWuf Game ID: Zazza_1598776646 Your Inventory: Coins $ - 1039 gold pieces Weapons a - 38 +2 darts (in quiver) q - a cursed -1 orcish dagger t - a +1 crossbow E - a +0 orcish dagger (weapon in hand) G - a +0 elven dagger Armor e - an uncursed +0 Hawaiian shirt (being worn) N - an uncursed +1 orcish helm (being worn) Comestibles b - an uncursed melon c - 2 uncursed tins of lichen d - an uncursed lembas wafer f - 8 uncursed food rations h - an uncursed carrot i - 2 uncursed tripe rations j - an uncursed sprig of wolfsbane H - an uncursed jackal corpse Scrolls l - 3 uncursed scrolls of magic mapping m - a blessed scroll of magic mapping p - an uncursed scroll of light u - a cursed scroll of blank paper v - a cursed scroll of earth x - a cursed scroll of create monster y - an uncursed scroll of light z - an uncursed scroll of scare monster A - a blessed scroll of destroy armor B - an uncursed scroll of enchant weapon C - an uncursed scroll of create monster D - an uncursed scroll of enchant armor Potions k - 2 uncursed potions of extra healing Wands F - a wand of light (0:12) Tools n - an expensive camera (0:56) o - an uncursed credit card Spells and supernatural/magical abilities: Name Level Category Fail Memory W - pray for help -- divine ? -- Your skills at the end: Fighting Skills Weapon Skills dart [Basic] Spellcasting Skills Final Attributes: You were nominally aligned. You are dead. Vanquished creatures: a shrieker a large kobold a gecko 5 jackals 2 goblins 4 grid bugs 5 lichens a kobold zombie 4 newts 24 creatures vanquished. Voluntary challenges: You were an atheist. You used a wielded weapon 4 times, starting on turn 1191. You read items or engraved 1 time, starting on turn 1094. You never genocided any monsters. You never polymorphed an object. You never changed form. You used no wishes. You never split a pudding. You wrote Elbereth's name 1 time, starting on turn 1094. You never violated your personal moral code. Dungeon overview: The Dungeons of Doom: levels 1 to 3 Level 1 a fountain a long staircase Level 2 a scroll shop, a sink Level 3 <- You were here a long staircase History has recorded: On T:1 you entered the Dungeons of Doom to retrieve the Amulet of Yendor! On T:492 you reached level 2 of The Dungeons of Doom. On T:959 you reached level 3 of The Dungeons of Doom. Score breakdown: Gold: 250 ( 8162 points) Experience: 1 level ( 0 points) Exploration: 3 levels ( 6.12%) ( 6123 points) Discoveries: 3 items ( 1.01%) ( 3010 points) Valuables value: (no points given unless you survive) Artifact value: 0 ( 0 points) Variety of kills: 9 monsters ( 2.36%) ( 4610 points) Turncount: 1206 turns ( 0 points) Survival: died (score multiplied by 80%) Total score: 17524 Latest messages: Armand misses the gecko. (3x) You are beginning to feel hungry. You stop running. Armand misses the gecko. (2x) You see here 2 food rations. You hear some noises in the distance. f - 2 uncursed food rations. Armand misses the gecko. (2x) You hit the lichen. (2x) You kill the lichen! Armand bites the gecko. The gecko bites Armand. You kill the gecko! You displace Armand. The jackal bites! (3x) Armand bites the jackal. The jackal is killed! The runed dagger hits the jackal. The jackal is killed! There are a few objects here. G - a runed dagger. You have a little trouble lifting H - a jackal corpse. Your movements are slowed slightly because of your load. The hobbit hits! You die... Final status: Aloha Zazza the Tourist, killed by a hobbit... You died in The Dungeons of Doom on dungeon level 3 with 17524 points, and 1039 pieces of gold, after 1206 moves. You were level 1 with a maximum of 10 hit points when you died.